 Dungeon Crawl Stone Soup version 0.18.1-8-gdd0e5ea (webtiles) character file.

60 Hipnos the Firebug (level 4, -2/36 HPs)
             Began as a Gargoyle Fire Elementalist on May 22, 2016.
             Slain by Purgy (3 damage)
             ... in a sewer.
             The game lasted 00:07:29 (2295 turns).

Hipnos the Firebug (Gargoyle Fire Elementalist)     Turns: 2295, Time: 00:07:29

Health: -2/36      AC:  5    Str: 17    XL:     4   Next: 6%
Magic:  1/8        EV: 12    Int: 16    God:
Gold:   66         SH:  0    Dex: 10    Spells: 2 memorised, 4 levels left

rFire  . . .     SeeInvis .     e - +0 dagger
rCold  . . .     Gourm    .     a - +0 robe
rNeg   + . .     Faith    .     (no shield)
rPois  ∞         Spirit   .     (no helmet)
rElec  +         Dismiss  .     (no cloak)
rCorr  .         Reflect  .     (no gloves)
SustAt .         Harm     .     (no boots)
MR     .....                    d - amulet of rage
Stlth  ..........               (no ring)
                                (no ring)

@: berserking (expiring), very slightly contaminated, very quick, not resistant
to hostile enchantments, extremely unstealthy
A: negative energy resistance 1, electricity resistance, unbreathing,
petrification resistance, rot immunity, AC +3
a: Evoke Berserk Rage


You were in a sewer.
You were not hungry.

You visited 1 branch of the dungeon, and saw 3 of its levels.
You also visited: Sewer.

You collected 66 gold pieces.

Inventory:

Hand Weapons
 e - a +0 dagger (weapon)
Armour
 a - a +0 robe (worn)
Jewellery
 d - an amulet of rage (around neck)
Scrolls
 i - a scroll of teleportation {unknown}
Books
 b - a book of Flames

   Spells                             Type                      Level
   a - Flame Tongue                   Conjuration/Fire             1
   b - Throw Flame                    Conjuration/Fire             2
   c - Conjure Flame                  Conjuration/Fire             3
   d - Inner Flame                    Hexes/Fire                   3
   e - Sticky Flame                   Conjuration/Fire             4
   f - Fireball                       Conjuration/Fire             5
Comestibles
 c - a bread ration
 g - 3 meat rations
 j - 4 chunks of flesh


   Skills:
 + Level 0.4 Fighting
 + Level 1.9 Dodging
 - Level 2.1 Stealth
 + Level 2.7 Spellcasting
 + Level 1.2 Conjurations
 * Level 3.9 Fire Magic


You had 4 spell levels left.
You knew the following spells:

 Your Spells              Type           Power        Failure   Level  Hunger
a - Flame Tongue          Conj/Fire      ##...        10%         1    #......
b - Conjure Flame         Conj/Fire      ##......     21%         3    ###....


Dungeon Overview and Level Annotations

Branches:
Dungeon (3/15)

Altars:

Annotations:
D:2 Terence Sewer Purgy


Innate Abilities, Weirdness & Mutations

You are resistant to torment.
Your stone body is resilient (AC +3).
You are immune to poison.
You resist negative energy.
You are resistant to electric shocks.
You can survive without breathing.
You are immune to petrification.
You are immune to rotting.


Message History

You closely miss Purgy.
Purgy is severely wounded.
Purgy bites you but does no damage. Purgy barely misses you. x2
You closely miss Purgy.
Purgy is heavily wounded.
Purgy bites you.
* * * LOW HITPOINT WARNING * * *
Purgy claws you but does no damage. Purgy misses you.
You hit Purgy.
Purgy is severely wounded.
You puncture Purgy!
Purgy is almost dead.
Purgy bites you but does no damage. Purgy closely misses you.
Purgy claws you but does no damage.
You hit Purgy.
Purgy is almost dead.
You barely miss Purgy.
Purgy is almost dead.
Purgy barely misses you. Purgy claws you.
You die...

### #(# #.#
#+##+##'##+##+##+#
.................###
≈≈≈≈≈≈≈.≈≈≈≈≈≈≈≈≈#≈≈
≈≈≈≈≈≈≈∩≈≈≈≈≈≈≈≈≈#≈≈
≈≈≈≈≈≈≈.≈≈≈≈≈≈≈≈≈#≈≈
...........T@....#
#+##+##.##+##+##+#
#.# #∩# ###


You could see Purgy.

Vanquished Creatures
  2 adders
  A dart slug (D:1)
  A giant gecko (D:1)
  4 giant cockroaches
  5 goblins
  A hobgoblin (D:1)
  10 kobolds (D:1)
  5 bats
  2 giant newts
  13 rats
44 creatures vanquished.

Vanquished Creatures (others)
  A plant (D:1)
1 creature vanquished.

Grand Total: 45 creatures vanquished

Notes
Turn   | Place    | Note
--------------------------------------------------------------
     0 | D:1      | Hipnos the Gargoyle Fire Elementalist began the quest for the Orb.
     0 | D:1      | Reached XP level 1. HP: 10/10 MP: 3/3
   284 | D:1      | Reached XP level 2. HP: 9/15 MP: 5/5
  1419 | D:1      | Reached XP level 3. HP: 19/19 MP: 4/6
  1901 | D:2      | Noticed Terence
  1964 | D:1      | Learned a level 3 spell: Conjure Flame
  2069 | D:3      | Reached XP level 4. HP: 9/24 MP: 4/8
  2098 | D:3      | Found a glowing drain.
  2124 | Sewer    | Entered a sewer
  2269 | Sewer    | Noticed Purgy
  2291 | Sewer    | HP: 1/36 [Purgy (3)]
  2295 | Sewer    | Slain by Purgy

Action                   |  1- 3 |  4- 6 || total
-------------------------+-------+-------++-------
Melee: Unarmed           |    16 |       ||    16
       Dagger            |    72 |     9 ||    81
 Cast: Flame Tongue      |    60 |    14 ||    74
  Use: Potion            |       |     2 ||     2
 Stab: Sleeping          |     2 |     1 ||     3
  Eat: Chunk             |     5 |       ||     5
Armor: Robe              |    39 |    15 ||    54
Dodge: Dodged            |    74 |    21 ||    95
